 Dungeon Crawl Stone Soup version 0.28.0 (webtiles) character file.

Game seed: 288763214630220058

42 styxcanada the Firebug (level 3, -7/19 HPs)
             Began as a Deep Elf Fire Elementalist on Feb 16, 2022.
             Mangled by Sigmund (8 damage)
             ... on level 2 of the Dungeon.
             The game lasted 00:04:42 (1375 turns).

styxcanada the Firebug (Deep Elf Fire Elementalist) Turns: 1375, Time: 00:04:43

Health: -7/19      AC:  4    Str:  5    XL:     3   Next: 33%
Magic:  9/10       EV: 13    Int: 21    God:
Gold:   13         SH:  0    Dex: 15    Spells: 6/9 levels left

rFire   . . .      SeeInvis .   d - +0 short sword
rCold   . . .      Faith    .   (no shield)
rNeg    . . .      Spirit   .   l - +1 animal skin
rPois   .          Reflect  .   k - +0 helmet
rElec   .          Harm     .   (no cloak)
rCorr   .          Rampage  .   (no gloves)
Will    .....                   (no boots)
Stlth   ++........              (no amulet)
HPRegen 0.06/turn               (no ring)
MPRegen 0.12/turn               (no ring)

@: no status effects
A: no striking features
a: no special abilities


You were on level 2 of the Dungeon.
You visited 1 branch of the dungeon, and saw 2 of its levels.

You collected 13 gold pieces.

Inventory:

Hand Weapons
 d - a +0 short sword (weapon)
 g - a +0 hunting sling
Missiles
 f - 5 stones
Armour
 a - a +0 robe
 k - a +0 helmet (worn)
 l - a +1 animal skin (worn)
Scrolls
 h - a scroll of brand weapon {unknown}
 i - a scroll of teleportation {unknown}
 m - a scroll of noise {unknown}
 n - a scroll of fear {unknown}
 o - a scroll of magic mapping {unknown}
Potions
 b - a potion of might {unknown}
 c - a potion of curing {unknown}
 e - a potion of heal wounds {unknown}
 j - a potion of flight {unknown}


   Skills:
 + Level 2.9 Dodging
 * Level 3.6 Stealth
 + Level 3.6 Spellcasting
 + Level 1.1 Conjurations
 + Level 3.6 Fire Magic


You had 6 spell levels left.
You knew the following spells:

 Your Spells              Type           Power      Damage    Failure   Level
a - Foxfire               Conj/Fire      52%        2x1d6     4%          1
b - Scorch                Fire           36%        2d7       4%          2

Your spell library contained the following spells:

 Spells                   Type           Power      Damage    Failure   Level
 Conjure Flame            Conj/Fire      13%        6-21      14%         3
 Inner Flame              Hex/Fire       11%        N/A       19%         3
 Flame Wave               Conj/Fire      13%        2d6       43%         4


Dungeon Overview and Level Annotations

Branches:
Dungeon (2/15)

Altars:
Sif Muna

Annotations:
D:2 Sigmund


Message History

You finish taking off your +0 robe.
You start putting on your armour.
You continue putting on your +1 animal skin. x5
You finish putting on your +1 animal skin.
You start waiting.
Done waiting.
Memorise Scorch, consuming 2 spell levels and leaving 6?
You start memorising the spell.
You continue memorising. x2
You finish memorising.
Spell assigned to 'b'.
Okay, then.
Things that are here:
a +0 dagger; a +0 dagger
Found a stone staircase leading up.
There is a stone staircase leading up here.
You start waiting.
Done waiting.
There is a stone staircase leading up here.
Things that are here:
a +0 club; a goblin skeleton
Things that are here:
a +0 dagger; a +0 dagger
m - a scroll labelled MEIRRYGIOTZ
Found a shimmering blue altar of Sif Muna.
Found a scroll labelled POSTIMP SIUJ.
n - a scroll labelled SADEOBR GUOL
o - a scroll labelled POSTIMP SIUJ Sigmund the Dreaded comes into view.
He is wielding a +0 scythe and wearing a +2 robe of positive energy.
A giant cockroach comes into view.
Found 14 sling bullets.
Sigmund casts a spell at you. The magic dart hits you!
Ouch! That really hurt!
Sigmund closely misses you.
You barely miss Sigmund. Sigmund hits you with a +0 scythe!
* * * LOW HITPOINT WARNING * * *
Casting: Foxfire (safe; 4% risk of failure)
Confirm with . or Enter, or press ? or * to list all spells.
You conjure some foxfire!
Sigmund hits you from afar with a +0 scythe!
You die...

B# #.# #.# #.. #..# #.#
#..# #(#
####..##########.##
#.....##........v.########
......##.#######@.@.......
...... #.# #v.########
.._..###.### #..#
.....#.....# #..#
.....#.....## #..#
###...........##..# #
#.##.....##.##..#
###.##........##..# #.
....##.#.#.##. #...


You could see Sigmund (ally target).

Vanquished Creatures
  Robin (D:2)
  2 dart slugs
  4 ball pythons (D:1)
  A bat (D:1)
  3 endoplasms
  7 goblins
  2 hobgoblins (D:2)
  3 jackals (D:2)
  A kobold (D:1)
  2 rats (D:1)
26 creatures vanquished.

Vanquished Creatures (collateral kills)
  A foxfire (D:1)
1 creature vanquished.

Vanquished Creatures (others)
  45 foxfires
  A plant (D:1)
46 creatures vanquished.

Grand Total: 73 creatures vanquished

Notes
Turn   | Place    | Note
-------+----------+-------------------------------------------
     0 | D:1      | styxcanada the Deep Elf Fire Elementalist began the quest
                  | for the Orb.
     0 | D:1      | Reached XP level 1. HP: 10/10 MP: 6/6
   362 | D:1      | Reached XP level 2. HP: 7/15 MP: 8/8
   741 | D:1      | You fall into a shaft and drop 1 floor!
   903 | D:2      | Noticed Robin
   934 | D:2      | Killed Robin
   935 | D:2      | Reached XP level 3. HP: 15/19 MP: 1/10
  1151 | D:2      | Learned a level 2 spell: Scorch
  1345 | D:2      | Found a shimmering blue altar of Sif Muna.
  1365 | D:2      | Noticed Sigmund
  1375 | D:2      | Mangled by Sigmund

Illustrated notes

Levels and vault maps discovered:
D:1:      lemuel_arrival_lava_pool, layout_basic,
          hangedman_abyss_or_decor_stabs, kennysheep_boxes
D:2:      layout_loops_ring, basic_altar, minmay_fractal_squares_5,
          uniq_sigmund, uniq_robin, uniq_crazy_yiuf_cottage

Skill      XL: |  1  2 |
---------------+-------+-----
Stealth        | 3 |  3.6
Dodging        | |  2.9
Spellcasting   | |  3.6
Conjurations   | |  1.1
Fire Magic     | |  3.6

Action                   || total
-------------------------++-------
Melee: Short sword       ||    19
 Cast: Foxfire           ||    33
 Stab: Sleeping          ||     1
Armor: Robe              ||     4
Dodge: Dodged            ||    20
